 Dungeon Crawl Stone Soup version 0.26-a0-466-g989023bd0d (webtiles) character file.

Game seed: 6465866750261100346

30951 1player the Spry (level 13, -1/68 HPs)
             Began as a Felid Berserker on Aug 12, 2020.
             Was the Champion of Trog.
             Slain by an anaconda (7 damage)
             ... on level 1 of the Snake Pit.
             The game lasted 02:03:00 (40274 turns).

1player the Spry (Felid Berserker)                 Turns: 40274, Time: 02:03:01

Health: -1/68      AC:  3    Str: 13    XL:     13   Next: 23%
Magic:  23/23      EV: 32    Int:  9    God:    Trog [******]
Gold:   689        SH:  5    Dex: 22    Spells: 12/12 levels left
                                        Lives:  0   Deaths: 4

rFire    . . .     SeeInvis +     - Unarmed
rCold    + . .     Faith    .   (shield unavailable)
rNeg     . . .     Spirit   .   (armour unavailable)
rPois    +         Reflect  +   (helmet unavailable)
rElec    .         Harm     .   (cloak unavailable)
rCorr    .                      (gloves unavailable)
MR       +....                  (boots unavailable)
Stlth    ++++++....             H - amulet of reflection
HPRegen  0.21/turn              F - ring "Ruki" {MP+9 Dex+2 Slay+3}
MPRegen  0.18/turn              S - ring of poison resistance

@: berserk cooldown, slowed, constricted, slow
A: very small, no armour, no weapons or thrown items, stealth, claws 1, fangs 3,
see invisible, speed 1, shaggy fur 3, sharp paws
a: Berserk, Trog's Hand, Brothers in Arms, Renounce Religion


You were on level 1 of the Snake Pit.
You worshipped Trog.
Trog was exalted by your worship.
You visited 4 branches of the dungeon, and saw 24 of its levels.
You also visited: Ossuary.

You collected 2769 gold pieces.
You spent 2080 gold pieces at shops.

Inventory:

Jewellery
 e - an uncursed amulet of regeneration
 z - an uncursed ring of positive energy
 F - the ring "Ruki" (left paw) {MP+9 Dex+2 Slay+3}
   (You bought it in a shop on level 1 of the Snake Pit)

   [ring of magical power]

   It affects your dexterity (+2).
   It affects your accuracy and damage with ranged weapons and melee attacks
   (+3).
   It affects your magic capacity (+9).
 H - an amulet of reflection (around neck)
 M - the amulet of Foruac {*Slow rElec Regen+ Str-2 Stlth+}
   (You found it on level 6 of the Dungeon)

   [amulet of regeneration]

   It affects your strength (-2).
   It insulates you from electricity.
   It increases your rate of regeneration.
   It may slow you when you take damage.
   It makes you more stealthy.
 S - a ring of poison resistance (right paw)
 T - an uncursed ring of fire
 Z - the amulet of the Four Winds {rN+ MR+++ Clar}
   (You found it on level 6 of the Dungeon)

   [amulet of nothing]

   It protects you from negative energy.
   It affects your resistance to hostile enchantments.
   It protects you against confusion.
Wands
 t - a wand of polymorph (6)
 G - a wand of iceblast (4)
 L - a wand of flame (35)
 P - a wand of clouds (1)
 R - a wand of paralysis (3)
Scrolls
 a - 9 scrolls of remove curse {@r2}
 c - 12 scrolls of teleportation
 K - 2 scrolls of identify {@r1}
 N - 5 scrolls of magic mapping
 V - 2 scrolls of blinking
 W - 3 scrolls of fear
 X - a scroll of vulnerability
Potions
 b - 4 potions of haste
 i - 3 potions of curing {@q1}
 n - 6 potions of lignification
 o - 2 potions of resistance
 q - 5 potions of stabbing
 r - 3 potions of heal wounds {@q2}
 w - 6 potions of flight
 B - 2 potions of mutation {!q}
 J - a potion of ambrosia
 O - a potion of might
 Q - 3 potions of cancellation
 U - 2 potions of magic
Miscellaneous
 x - a phial of floods
 Y - a tin of tremorstones (3/3)


   Skills:
 + Level 14.5 Fighting
 + Level 16.7 Dodging
 - Level 14.0 Stealth
 + Level 14.4 Unarmed Combat
 - Level 11.3 Evocations


You had 12 spell levels left.
You didn't know any spells.
Your spell library was empty.

Dungeon Overview and Level Annotations

Branches:
Dungeon (15/15)            Temple (0/1) D:5            Lair (6/6) D:8
 Shoals (0/4) Lair:4        Snake (1/4) Lair:2        Slime (0/5) Lair:5
    Orc (2/2) D:11            Elf (0/3) Orc:2        Vaults (0/5) D:14
 Depths (0/5) D:15        Ossuary (visited)

Altars:
Cheibriados
Dithmenos
Elyvilon
Fedhas
Kikubaaqudgha
Nemelex Xobeh
Qazlal
Ru
Uskayaw
Yredelemnul
Jiyva

Shops:
D:8 (   Orc:1 *   Orc:2 ??((   Snake:1 ![=*

Portals:
Abyss: D:4

Annotations:
D:5 exclusion: oklob sapling
D:13 3 runed translucent doors, Cuev's ghost, journeyman DrCj
D:15 Roxanne
Lair:1 exclusion: hydra, Nergalle
Lair:2 exclusion: 2 oklob plants
Lair:5 1 runed translucent door, exclusion: hydra, kae's ghost, journeyman DsGl


Innate Abilities, Weirdness & Mutations

You cannot wear armour.
You are incapable of wielding weapons or throwing items.
Your paws allow you to move quietly. (Stealth)
You have sharp claws.
You have razor-sharp teeth.
You have supernaturally acute eyesight. (SInv)
You cover ground quickly.
Your thick and shaggy fur keeps you warm. (AC +3, rC+)
Your sharp claws are effective at attacking unaware monsters.


Message History

* * * LOW HITPOINT WARNING * * *
The anaconda constricts you.
You escape the anaconda's grasp.
You feel a strong urge to attack something.
You feel sick.
You feel your anger nearly subside.
You are no longer berserk.
You are exhausted.
You feel yourself slow down.
You feel much better. The anaconda grabs you. The anaconda bites you!
* * * LOW HITPOINT WARNING * * *
x2 The anaconda constricts you.
You block the anaconda's attack.
* * * LOW HITPOINT WARNING * * *
The anaconda constricts you.
You feel better. The anaconda barely misses you.
* * * LOW HITPOINT WARNING * * *
The anaconda constricts you. The anaconda bites you!
You die...

......## .......
.......##........
##......#........
...........####.###
###........##8...8## ... .#
###.......##8..#..8##
..#(.#
.........##8.......8##
..#..##
###.....##8....∩....8##
......#
##....#8......@S...8#
......#
##...#.....###...N.##......
##....#.∩.###.∩.#.....#####
#..#.....###.....#........
#.##8...........8##.......
+.###8....∩....8## .......
##..##8.......8## .......
#..####8..#..8## .......
##.## ##8...8## .......


You could see a naga warrior and an anaconda.

Vanquished Creatures
  Jorgrun (D:12)
  Rupert (D:12)
  Kirke (D:12)
  Louise (D:15)
  An ettin (Orc:1)
  Josephine (D:12)
  4 hydras
  A vault guard (D:14)
  3 anacondas (Snake:1)
  A merfolk avatar (Lair:6)
  Erica (Lair:2)
  3 centaur warriors
  10 two-headed ogres
  2 ogre magi (Orc:2)
  A glowing orange brain (shapeshifter) (D:15)
  3 deep trolls
  A naga ritualist (Snake:1)
  Pikel (D:6)
  2 deep elf magi
  2 orc sorcerers (Orc:2)
  4 ugly things
  An orc knight (Orc:1)
  A wolf spider zombie (D:14)
  A mana viper (Snake:1)
  8 cyclopes
  2 manticores
  Maurice (D:11)
  A naga mage (D:15)
  7 black mambas
  6 elephants
  A black mamba (shapeshifter) (D:14)
  2 guardian serpents (D:15)
  The ghost of Sassenached the Shooter, a novice HuWn (D:4)
  A gargoyle (D:11)
  6 cane toads
  10 komodo dragons
  2 rime drakes
  An efreet (D:14)
  A redback zombie (D:15)
  2 freezing wraiths (D:14)
  5 kobold demonologists
  19 trolls
  3 meliai (D:14)
  2 polar bears
  A wind drake (Lair:6)
  A hornet (D:13)
  7 blink frogs
  5 dream sheep
  10 slime creatures
  A snapping turtle (Lair:4)
  6 hippogriffs
  Sigmund (D:5)
  3 wyverns
  5 wraiths
  49 yaks
  2 water elementals
  2 steam dragons
  2 hogs (D:11)
  6 vampire mosquitoes
  5 wargs
  A redback simulacrum (D:15)
  5 nagas (Lair:2)
  2 acid dragons (D:11)
  5 porcupines
  11 water moccasins
  4 sky beasts
  2 ice beasts
  2 black bears
  21 orc warriors
  5 phantoms
  An eye of draining (D:6)
  2 necrophages (D:7)
  A hornet zombie (D:15)
  26 ogres
  14 crocodiles
  4 centaurs
  2 elf zombies (Ossuary)
  5 big kobolds
  18 bullfrogs
  A water moccasin zombie (D:7)
  2 wyvern skeletons
  5 scorpions
  7 killer bees
  13 wights
  2 electric eels (D:7)
  A howler monkey (D:12)
  A crimson imp (D:4)
  A bullfrog zombie (D:12)
  A quasit (D:9)
  3 centaur skeletons
  3 centaur zombies
  6 jellies
  3 bullfrog skeletons
  A gnoll shaman (D:7)
  8 hounds
  24 orc priests
  30 orc wizards
  Ijyb (D:5)
  2 hell rats (Lair:6)
  5 iguanas
  10 worker ants
  A killer bee zombie (D:8)
  2 hound zombies (Ossuary)
  A hound skeleton (D:6)
  6 mummies
  A howler monkey zombie (D:6)
  A worker ant zombie (D:7)
  18 adders
  7 gnolls
  A howler monkey skeleton (D:9)
  7 river rats
  5 shadow imps
  4 white imps
  3 ufetubi
  7 adder zombies
  4 worms
  2 dart slugs
  3 leopard geckos
  83 orcs
  3 ball pythons
  4 bats (D:3)
  7 giant cockroaches
  3 gnoll zombies (Ossuary)
  6 goblins
  5 hobgoblins
  8 jackals
  3 quokkas
  A ball python skeleton (D:5)
  A ball python zombie (D:6)
  6 frilled lizards
  5 goblin zombies (Ossuary)
  5 hobgoblin zombies (Ossuary)
  3 jackal zombies (Ossuary)
  16 kobolds
  2 kobold zombies (Ossuary)
  A leopard gecko skeleton (D:5)
  A leopard gecko zombie (D:5)
  An orc zombie (Ossuary)
  A quokka skeleton (D:6)
  2 quokka zombies (Ossuary)
  10 rats
  A rat zombie (Ossuary)
  A plant (D:1)
748 creatures vanquished.

Vanquished Creatures (collateral kills)
  An orc warlord (Orc:2)
  Fannar (Lair:2)
  A centaur warrior (D:13)
  2 catoblepae
  A two-headed ogre (D:11)
  A deep elf knight (D:15)
  A wolf spider (Lair:6)
  A deep elf mage (D:15)
  A cyclops (D:15)
  2 manticores
  3 elephants (Lair:6)
  A cane toad (Lair:6)
  6 slime creatures
  2 dream sheep (Lair:4)
  A shadow (D:11)
  7 yaks
  2 wargs (Orc:2)
  2 ogres (Orc:2)
  3 centaurs (D:13)
  2 killer bees (D:11)
  An orc priest (Orc:2)
  An iguana (D:13)
  2 orc wizards
  5 orcs
50 creatures vanquished.

Vanquished Creatures (others)
  3 humans (D:12)
  A kobold (D:12)
  6 fungi
  12 plants
  2 withered plants (D:7)
24 creatures vanquished.

Grand Total: 822 creatures vanquished

Notes
Turn   | Place    | Note
-------+----------+-------------------------------------------
     0 | D:1      | 1player the Felid Berserker began the quest for the Orb.
     0 | D:1      | Reached XP level 1. HP: 10/10 MP: 2/2
   241 | D:1      | Reached skill level 1 in Stealth
   503 | D:1      | Reached XP level 2. HP: 14/14 MP: 3/3
  1495 | D:2      | Reached XP level 3. HP: 16/18 MP: 4/4
  1580 | D:2      | Noticed a centaur
  1584 | D:2      | Killed a centaur
  1584 | D:2      | Reached XP level 4. HP: 16/22 MP: 5/5
  2323 | D:2      | Reached XP level 5. HP: 25/25 MP: 6/6
  2568 | D:3      | Reached ** piety under Trog
  2649 | D:3      | Reached skill level 5 in Stealth
  3309 | D:4      | Noticed an ogre
  3350 | D:4      | Reached skill level 5 in Fighting
  3362 | D:4      | Found a one-way gate to the infinite horrors of the Abyss.
  3362 | D:4      | Noticed Sassenached's ghost (novice HuWn)
  3384 | D:4      | Found a blossoming altar of Fedhas.
  3684 | D:4      | Noticed a phantom
  4299 | D:4      | Gained mutation: You are covered in thick fur. (AC +2)
                  | [Felid growth]
  4299 | D:4      | Reached XP level 6. HP: 30/30 MP: 7/7
  4984 | D:4      | Found a stormy altar of Qazlal.
  5242 | D:4      | Found a transporter.
  5248 | D:4      | Found a transporter.
  5370 | D:4      | Reached skill level 5 in Dodging
  5875 | D:4      | Reached XP level 7. HP: 34/34 MP: 8/8
  5936 | D:3      | Reached skill level 6 in Dodging
  6301 | D:5      | Entered Level 5 of the Dungeon
  6306 | D:5      | Found a sparkling altar of Nemelex Xobeh.
  6496 | D:5      | Noticed Sigmund
  6523 | D:5      | Reached skill level 7 in Dodging
  6962 | D:4      | Reached *** piety under Trog
  7550 | D:5      | Reached XP level 8. HP: 40/40 MP: 9/9
  7715 | D:5      | Noticed Ijyb
  7725 | D:5      | Killed Ijyb
  7868 | D:4      | Reached skill level 8 in Dodging
  8213 | D:5      | Found a staircase to the Ecumenical Temple.
  8267 | D:5      | Found a basalt altar of Yredelemnul.
  8987 | D:6      | Reached skill level 5 in Unarmed Combat
  9000 | D:6      | Found a large runed translucent door.
  9000 | D:6      | Found a large runed translucent door.
  9005 | D:6      | Found the amulet of the Four Winds {rN+ MR+++ Clar}
  9009 | D:6      | Found a large runed translucent door.
  9009 | D:6      | Found a large runed translucent door.
  9027 | D:6      | Reached skill level 9 in Dodging
  9034 | D:6      | Reached XP level 9. HP: 44/44 MP: 10/10
  9039 | D:6      | Found the +9 scales of the Dragon King {rPois rF+ rC+ MR+}
  9089 | D:6      | Reached **** piety under Trog
  9442 | D:6      | Noticed Pikel
 10301 | D:7      | Reached skill level 10 in Dodging
 10507 | D:7      | Reached skill level 1 in Evocations
 11402 | D:8      | Found a sand-covered staircase.
 11407 | Ossuary  | Entered an ossuary
 11563 | Ossuary  | Reached XP level 10. HP: 40/49 MP: 11/11
 11841 | D:8      | Found Cockaal's Antique Weapon Emporium.
 12086 | D:8      | Reached ***** piety under Trog
 12444 | D:8      | Found a staircase to the Lair.
 12900 | D:8      | Found an ancient bone altar of Kikubaaqudgha.
 13752 | D:9      | Reached skill level 5 in Evocations
 14615 | D:6      | Killed Pikel
 14664 | D:6      | Found a sacrificial altar of Ru.
 14664 | D:6      | Found a white marble altar of Elyvilon.
 14664 | D:6      | Found a hide-covered altar of Uskayaw.
 14666 | D:6      | Found a snail-covered altar of Cheibriados.
 14877 | D:5      | Killed Sigmund
 14978 | D:10     | Entered Level 10 of the Dungeon
 15641 | D:10     | Reached XP level 11. HP: 54/54 MP: 12/12
 16181 | D:11     | Found a staircase to the Orcish Mines.
 16181 | D:11     | Noticed a green ugly thing
 16229 | D:11     | Slain by a green ugly thing
 16230 | D:11     | Reached XP level 10. HP: 0/50 MP: 11/11
 16246 | D:11     | Noticed a deep elf mage
 16249 | D:11     | Noticed a cyclops
 16377 | D:11     | Noticed a manticore
 16414 | D:11     | Killed a green ugly thing
 16546 | D:11     | Noticed a two-headed ogre
 16589 | D:11     | Killed a two-headed ogre
 16595 | D:11     | Reached skill level 11 in Dodging
 16618 | D:11     | Noticed a purple ugly thing
 16740 | D:10     | Killed a purple ugly thing
 16796 | D:11     | Noticed a gargoyle
 16799 | D:11     | Killed a gargoyle
 16859 | D:11     | Reached skill level 10 in Fighting
 16931 | D:11     | Noticed Maurice
 17488 | D:12     | Noticed Kirke
 17584 | Lair:1   | Entered Level 1 of the Lair of Beasts
 17792 | Lair:1   | Found a shadowy altar of Dithmenos.
 17868 | Lair:1   | Reached XP level 11. HP: 54/54 MP: 12/12
 17877 | Lair:1   | Noticed an eight-headed hydra
 18029 | Lair:1   | Noticed Nergalle
 18687 | Lair:2   | Noticed an oklob plant
 18693 | Lair:2   | Noticed an oklob plant
 19094 | Lair:2   | Reached skill level 10 in Unarmed Combat
 19411 | Lair:2   | Found a staircase to the Snake Pit.
 19592 | Lair:2   | Noticed Erica
 19622 | Lair:2   | Killed Erica
 19729 | Lair:2   | Noticed Fannar
 20815 | Lair:2   | Killed Fannar
 20815 | Lair:2   | Reached skill level 12 in Dodging
 21038 | Lair:3   | Reached skill level 10 in Stealth
 21372 | Lair:3   | Gained mutation: Your thick and shaggy fur keeps you warm.
                  | (AC +3, rC+) [Felid growth]
 21372 | Lair:3   | Reached XP level 12. HP: 50/59 MP: 13/13
 21980 | Lair:4   | Reached skill level 10 in Evocations
 23168 | Lair:4   | Found a staircase to the Shoals.
 23554 | Lair:5   | Found a staircase to the Slime Pits.
 23554 | Lair:5   | Found a viscous altar of Jiyva.
 23852 | Lair:5   | Noticed kae's ghost (journeyman DsGl)
 23865 | Lair:5   | Found a runed translucent door.
 23905 | Lair:5   | Noticed a catoblepas
 23912 | Lair:5   | Reached skill level 13 in Dodging
 23916 | Lair:5   | Killed a catoblepas
 24065 | Lair:5   | Noticed a five-headed hydra
 24274 | Lair:6   | Entered Level 6 of the Lair of Beasts
 25552 | Lair:6   | Found a stormy altar of Qazlal.
 25928 | Lair:6   | Reached XP level 13. HP: 64/64 MP: 4/14
 27682 | Lair:6   | Reached skill level 14 in Dodging
 28070 | D:12     | Killed Kirke
 28207 | D:12     | Noticed Jorgrun
 28300 | D:12     | Noticed Josephine
 28322 | D:12     | Killed Josephine
 28322 | D:12     | Reached ****** piety under Trog
 28478 | D:12     | Mangled by Jorgrun
 28479 | D:12     | Reached XP level 12. HP: -9/91 MP: 0/13
 28553 | D:12     | Killed Jorgrun
 28815 | D:12     | Noticed a two-headed ogre
 28909 | D:12     | Noticed a centaur warrior
 28911 | D:12     | Killed a centaur warrior
 29053 | D:12     | Noticed Rupert
 29942 | D:13     | Found a runed translucent gate.
 29943 | D:13     | Found a runed translucent gate.
 29944 | D:13     | Found a runed translucent gate.
 29944 | D:13     | Noticed Cuev's ghost (journeyman DrCj)
 30096 | D:13     | Noticed a centaur warrior
 30099 | D:13     | Killed a centaur warrior
 30099 | D:13     | Reached XP level 13. HP: 27/65 MP: 6/14
 30646 | Orc:1    | Entered Level 1 of the Orcish Mines
 30907 | Orc:2    | Entered Level 2 of the Orcish Mines
 31536 | Orc:2    | Noticed an ettin
 32053 | Orc:1    | Killed an ettin
 32714 | Orc:2    | Found a staircase to the Elven Halls.
 33503 | Orc:2    | Noticed an orc warlord
 33707 | Orc:2    | Reached skill level 15 in Dodging
 33874 | Orc:2    | Found Xumeh's Weapon Emporium.
 33877 | Orc:2    | Found Cimnups's Magic Scroll Boutique.
 33885 | Orc:2    | Found Wutsiel's Weapon Shoppe.
 33886 | Orc:2    | Found Vuohuel's Magic Scroll Shoppe.
 33889 | Orc:2    | Bought a scroll of blinking for 97 gold pieces
 33889 | Orc:2    | Bought a scroll of blinking for 97 gold pieces
 33889 | Orc:2    | Bought a scroll of teleportation for 39 gold pieces
 34107 | Orc:1    | Found Kuagimus's General Store.
 34115 | Orc:1    | Bought a potion of lignification for 30 gold pieces
 34115 | Orc:1    | Bought a potion of haste for 100 gold pieces
 34115 | Orc:1    | Bought a scroll of teleportation for 30 gold pieces
 34218 | Orc:2    | Bought a scroll of teleportation for 42 gold pieces
 34218 | Orc:2    | Bought a scroll of fear for 49 gold pieces
 34218 | Orc:2    | Bought a scroll of teleportation for 42 gold pieces
 34368 | Orc:2    | Killed an orc warlord
 34883 | D:14     | Reached XP level 14. HP: 70/70 MP: 15/15
 36324 | D:14     | Found a gate to the Vaults.
 37210 | D:4      | Killed Sassenached's ghost
 37414 | D:6      | Got a vibrating bone amulet
 37415 | D:6      | Identified the amulet of Foruac {*Slow rElec Regen+ Str-2
                  | Stlth+} (You found it on level 6 of the Dungeon)
 37571 | D:11     | Killed Maurice
 37844 | D:12     | Killed Rupert
 37844 | D:12     | Reached skill level 16 in Dodging
 37983 | D:15     | Entered Level 15 of the Dungeon
 38202 | D:15     | Found a basalt altar of Yredelemnul.
 38243 | D:15     | Noticed Louise
 38261 | D:15     | Killed Louise
 38635 | D:15     | HP: 1/72 [seven-headed hydra (3)]
 38637 | D:15     | Slain by a seven-headed hydra
 38638 | D:15     | Reached XP level 13. HP: -1/67 MP: 14/14
 39000 | D:15     | Found a staircase to the Depths.
 39190 | D:15     | Identified Roxanne's Volume of Transmigration
 39190 | D:15     | Noticed Roxanne
 39313 | D:15     | Reached XP level 14. HP: 72/72 MP: 15/15
 39640 | Snake:1  | Entered Level 1 of the Snake Pit
 39695 | Snake:1  | HP: 1/108 [stone wall collision (14)]
 39696 | Snake:1  | Killed from afar by a naga ritualist
 39697 | Snake:1  | Reached XP level 13. HP: -2/102 MP: 8/14
 40199 | Snake:1  | Found Luuckeb's Jewellery Shop.
 40199 | Snake:1  | Found Toqeub's Antique Armour Boutique.
 40201 | Snake:1  | Found Wiolue's Distillery.
 40204 | Snake:1  | Bought a potion of curing for 57 gold pieces
 40204 | Snake:1  | Bought a potion of might for 76 gold pieces
 40204 | Snake:1  | Bought a potion of heal wounds for 95 gold pieces
 40204 | Snake:1  | Bought a potion of lignification for 57 gold pieces
 40204 | Snake:1  | Bought a potion of lignification for 57 gold pieces
 40204 | Snake:1  | Found Quirch's Assorted Antiques.
 40210 | Snake:1  | Bought a fizzy emerald potion for 38 gold pieces
 40210 | Snake:1  | Bought a wand of flame (19) for 43 gold pieces
 40210 | Snake:1  | Bought a wand of iceblast (4) for 172 gold pieces
 40214 | Snake:1  | Bought an uncursed amulet of regeneration for 390 gold
                  | pieces
 40214 | Snake:1  | Bought the ring "Ruki" {MP+9 Dex+2 Slay+3} for 569 gold
                  | pieces
 40267 | Snake:1  | HP: 4/102 [anaconda (2)]
 40274 | Snake:1  | Slain by an anaconda

Illustrated notes

Levels and vault maps discovered:
D:1:      minmay_arrival_diagonal_passages, layout_basic, serial_forest,
          infiniplex_forest_clump_medium, infiniplex_forest_clump_diagonal,
          infiniplex_forest_straight_2, infiniplex_forest_end_1,
          infiniplex_forest_clump_large, infiniplex_forest_clump_diagonal,
          infiniplex_forest_straight_4, infiniplex_forest_clump_long,
          chequers_serial_rivers_small_3
D:2:      layout_loops_ring
D:3:      layout_loops_ring
D:4:      layout_layer_cave, kennysheep_little_box,
          gammafunk_ghost_abyssal_escape, fedhas_altar_3
D:5:      layout_gridville, nemelex_xobeh_ov_fountains_minmay,
          minmay_temple_entry_oklob, basic_altar, uniq_sigmund, uniq_ijyb
D:6:      layout_cave_pools, minitemple, minmay_hollow_rounded_squares,
          uniq_pikel
D:7:      layout_basic, serial_undead, serial_undead_c, serial_undead_d,
          serial_undead_f, serial_undead_b, serial_undead_e, serial_undead_f,
          serial_undead_f, serial_undead_a, kennysheep_generic_room_3
D:8:      layout_loops_corners, marbit_many_paths, erik_lair_orcish_takeover,
          enter_ossuary_5, serial_shops, nicolae_shop_window_shopping
D:9:      layout_cave_pools, minmay_statues_item
D:10:     layout_roguey, lemuel_flamethrower_1
D:11:     layout_roguey, orc_0_dummy, onia_ninara_dug_in_and_dangerous,
          uniq_maurice
D:12:     layout_basic, uniq_rupert, uniq_josephine, uniq_kirke, uniq_jorgrun
D:13:     layout_roguey, gammafunk_ghost_nasty_kobolds, minivault_11,
          chequers_jeans, kennysheep_small_spiral, nicolae_sextant
D:14:     layout_roguey, david_vaults_4, hangedman_abyss_or_decor_stabs,
          serial_bayou_pond_b, hex_medium
D:15:     hangedman_depths_entry_try_elsewhere_first, layout_stronghold,
          minmay_fountain_box, basic_altar, nrook_guardian_serpent_double,
          uniq_roxanne, uniq_louise
Lair:1:   layout_chaotic_city, basic_altar, grunt_forest_stairs_basic,
          grunt_megastairs_1, lemuel_fruit_fields, lemuel_fruit_fields,
          uniq_nergalle
Lair:2:   layout_chaotic_city, minmay_snake_entry_guardpost_medium,
          chequers_serial_rivers_large_a, minivault_26,
          minmay_lair_oklob_chamber, uniq_erica, uniq_fannar
Lair:3:   layout_loops_ring, lemuel_fruit_tree
Lair:4:   layout_cave_pods, minmay_shoals_entry_hut,
          chequers_serial_rivers_large_b, lemuel_fruit_fields
Lair:5:   layout_roguey, slime_altar_1, hellmonk_ghost_happy_afterlife
Lair:6:   gammafunk_lair_ancient_temple, layout_hall_layers, basic_altar,
          kennysheep_rathole
Snake:1:  layout_rooms, ebering_ghost_gozag, grunt_megastairs_2,
          minmay_shoptagon
Orc:1:    layout_diamond_mine, serial_shops, shop
Orc:2:    st_orc_open, layout_caves, guppyfry_library_mini

Skill      XL: |  1  2  3  4  5  6  7  8  9 10 11 12 13 14 |
---------------+-------------------------------------------+-----
Stealth        | 1 2 4 5 6 9 10 12 13 14 | 14.0
Fighting       | 4 5 6 7 8 9 10 11 13 14 | 14.5
Dodging        | 5 7 9 10 11 12 13 15 16 | 16.7
Unarmed Combat | 5 7 9 10 13 12 14 | 14.4
Evocations     | 3 8 9 10 11 | 11.3

Action                   |  1- 3 |  4- 6 |  7- 9 | 10-12 | 13-15 || total
-------------------------+-------+-------+-------+-------+-------++-------
Melee: Unarmed           |    89 |   193 |   431 |   960 |   901 ||  2574
       Bite              |    11 |    24 |    64 |   141 |   141 ||   381
       Punch             |     2 |     3 |    15 |    57 |    90 ||   167
Invok: Berserk           |     3 |    11 |    19 |    23 |    25 ||    81
       Trog's Hand       |       |     3 |     8 |     3 |     6 ||    20
       Brothers in Arms  |       |       |       |    11 |     8 ||    19
Evoke: Wand              |       |       |     8 |    25 |    46 ||    79
       Box of beasts     |       |       |       |       |     1 ||     1
  Use: Scroll            |     2 |     3 |    10 |    13 |     8 ||    36
       Potion            |       |       |     1 |     6 |    16 ||    23
 Stab: Sleeping          |     4 |    12 |    18 |    58 |    24 ||   116
       Distracted        |       |     1 |     2 |     8 |     4 ||    15
       Paralysed         |       |       |       |     1 |     4 ||     5
Armor: Skin              |     2 |    10 |    13 |    16 |    23 ||    64
Dodge: Dodged            |    34 |   138 |   319 |   832 |   943 ||  2266
Block: Other             |       |       |       |    10 |    10 ||    20
       Reflection        |       |       |       |       |     1 ||     1

Table legend: (Time is in decaauts)
 A = Elapsed time spent in this place.
 B = Non-inter-level travel time spent in this place.
 C = Inter-level travel time spent in this place.
 D = Time resting spent in this place.
 E = Time spent auto-exploring this place.
 F = Levels seen in this place.
 G = Mean time per level.
                   A        B        C        D        E       F      G
               +--------+--------+--------+--------+--------+-----+--------+
         Total |  36706 |  34291 |   2415 |  15479 |   8287 |  25 | 1468.2 |
       Dungeon |  22555 |  20657 |   1898 |   8645 |   5044 |  15 | 1503.7 |
          Lair |   9943 |   9588 |    355 |   4609 |   2799 |   6 | 1657.2 |
     Snake Pit |    205 |    188 |     17 |     24 |      1 |   1 |  205.0 |
  Orcish Mines |   3640 |   3497 |    143 |   2110 |    441 |   2 | 1820.0 |
       Ossuary |    360 |    360 |      0 |     89 |      0 |   1 |  360.0 |
               +--------+--------+--------+--------+--------+-----+--------+

Top non-repeatable levels by time:
     D:4: 2578 daAuts
  Lair:2: 2539 daAuts
   Orc:1: 2407 daAuts
  Lair:6: 2378 daAuts
     D:7: 2059 daAuts
    D:11: 1919 daAuts
    D:14: 1839 daAuts
     D:3: 1750 daAuts
  Lair:5: 1668 daAuts
     D:5: 1573 daAuts
    D:13: 1492 daAuts
     D:8: 1474 daAuts
  Lair:4: 1454 daAuts
     D:6: 1365 daAuts
    D:15: 1284 daAuts
